Match 38285201
Unlisted

Match 38285201
End
Construct Barracks
Selects Advanced Infantry Battlegroup
Riflemen Squad
Riflemen Squad
Riflemen Squad
Grenade Package
Construct Medical Station
Selects Convert to Ranger Squad
Riflemen Squad
Convert to Ranger Squad
Infantry Support Center
Construct Motor Pool
M1 Anti-tank Gun Team
M1 Anti-tank Gun Team
M8 Greyhound Armored Car
Scout Squad
Riflemen Squad
Engineer Squad
Selects Artillery Observers
Selects Frontline Medical Station
Selects Infantry Assault
Captain Retinue
Wrathment
CAN'T DODGE THE RODGE
0
0

Comments sign in to comment!

No comments posted yet!